 Dungeon Crawl Stone Soup version 0.15.0-14-g6bbbb5c (console) character file.

261 gw the Ducker (level 5, -2/28 HPs)
             Began as a Spriggan Hunter on Sept 3, 2014.
             Slain by a wight
             ... wielding a +2 dire flail
              (8 damage)
             ... on Level 4 of the Dungeon.
             The game lasted 00:02:18 (3827 turns).

gw the Ducker (Spriggan Hunter)                     Turns: 3827, Time: 00:02:18

HP  -2/28        AC  7     Str  8      XL: 5   Next: 96%
MP  10/10        EV 21     Int 13      God:
Gold 0           SH  0     Dex 17      Spells:  0 memorised,  4 levels left

rFire  + . .     SeeInvis +     b - -3 dagger (curse)
rCold  . . .     Clarity  .     t - +2 robe {rN+}
rNeg   + . .     rCorr    .     (shield restricted)
rPois  .         rRot     .     (helmet restricted)
rElec  .         Spirit   .     m - +2 cloak
SustAb +         Warding  .     (gloves unavailable)
rMut   .         Stasis   .     (boots unavailable)
Gourm  .                        (no amulet)
MR     .....                    i - ring of protection from fire
                                k - ring of sustain abilities

@: drained, very quick, not resistant to hostile enchantments, unstealthy
A: unfitting armour, see invisible, herbivore 3, speed 3, slow metabolism 2
a: no special abilities


You were on level 4 of the Dungeon.
You were not hungry.

You visited 1 branch of the dungeon, and saw 4 of its levels.

Inventory:

Hand weapons
 b - a cursed -3 dagger (weapon)
 j - a +1 dagger of draining
Missiles
 a - 96 stones (quivered)
 c - 2 throwing nets
Armour
 m - a +2 cloak (worn)
 t - a +2 robe of positive energy (worn)
Comestibles
 f - 2 royal jellies
 h - a bread ration
 n - 10 fruits
Scrolls
 g - 2 scrolls of identify
Jewellery
 i - a ring of protection from fire (right hand)
 k - a ring of sustain abilities (left hand)
Potions
 e - a potion of porridge
 l - a potion of brilliance


   Skills:
 + Level 3.2(3.0) Fighting
 - Level 1.1(0.9) Short Blades
 + Level 5.7(5.6) Throwing
 + Level 5.8(5.6) Dodging
 - Level 1.5(1.3) Stealth


You had 4 spell levels left.
You didn't know any spells.

Dungeon Overview and Level Annotations

Branches:
Dungeon (4/15)
 Temple: D:4-7

Altars:
Cheibriados
Fedhas
Sif Muna


Innate Abilities, Weirdness & Mutations

You are tiny and cannot use many weapons and most armour.
You have supernaturally acute eyesight.
You are a herbivore.
You cover ground extremely quickly.
You need consume almost no food.


Message History

FLEEEEING!
ATTACKING (0,-1)
You hit the wight but do no damage.
The wight is moderately damaged.
The wight barely misses you.
FLEEEEING!
ATTACKING (0,-1)
You hit the wight but do no damage.
The wight is moderately damaged.
The wight hits you with a glowing dire flail.
FLEEEEING!
ATTACKING (0,-1)
You hit the wight.
The wight is moderately damaged.
FLEEEEING!
ATTACKING (0,-1)
You closely miss the wight.
The wight is moderately damaged.
The wight hits you with a glowing dire flail!
You die...

########(#
#(....(..#
#.######.#
#( #.# #(
#(# #( #.#
#( #.# #.
#z# #. #i#
. ###


You could see a wight.

Table legend:
 A = Turns spent in this place as a percentage of turns spent in the entire game.
 B = Non-inter-level travel turns spent in this place as a percentage of non-inter-level travel turns spent in the entire game.
 C = Inter-level travel turns spent in this place as a percentage of turns spent in this place.
 D = Turns resting spent in this place as a percentage of non-inter-level travel turns spent in this place.
 E = Turns spent auto-exploring this place as a percentage of non-inter-level travel turns spent in this place.
 F = Non-inter-level travel turns spent in this place divided by the number of levels of this place that you've seen.
                   A       B       C       D       E      F
               +-------+-------+-------+-------+-------+----------------------
         Total | 100.0 | 100.0 |   1.2 |   3.0 |  12.6 | 272.8
       Dungeon | 100.0 | 100.0 |   1.2 |   3.0 |  12.6 | 272.8
               +-------+-------+-------+-------+-------+----------------------

Table legend:
 A = Kills in this place as a percentage of kills in entire the game.
 B = Kills by you in this place as a percentage of kills by you in the entire game.
 C = Kills by friends in this place as a percentage of kills by friends in the entire game.
 D = Other kills in this place as a percentage of other kills in the entire game.
 E = Experience gained in this place as a percentage of experience gained in the entire game.
 F = Experience gained in this place divided by the number of levels of this place that you have seen.
                   A       B       C       D       E      F
               +-------+-------+-------+-------+-------+----------------------
         Total | 100.0 | 100.0 |  -nan |  -nan | 100.0 |  93.5
       Dungeon | 100.0 | 100.0 |  -nan |  -nan | 100.0 |  93.5
               +-------+-------+-------+-------+-------+----------------------

Vanquished Creatures
  An iguana (D:4)
  2 worker ants (D:4)
  2 orc wizards
  Jessica (D:3)
  3 adders
  2 worms
  3 giant geckos
  4 orcs
  4 giant cockroaches
  14 goblins
  8 hobgoblins
  7 jackals
  7 bats
  6 giant newts
  4 kobolds
  11 rats
79 creatures vanquished.

Notes
Turn   | Place    | Note
--------------------------------------------------------------
     0 | D:1      | gw, the Spriggan Hunter, began the quest for the Orb.
     0 | D:1      | Reached XP level 1. HP: 10/10 MP: 2/2
   260 | D:1      | Reached XP level 2. HP: 8/15 MP: 4/4
  1055 | D:1      | Reached XP level 3. HP: 18/18 MP: 6/6
  1925 | D:2      | Found a deep blue altar of Sif Muna.
  2052 | D:2      | Found a snail-covered altar of Cheibriados.
  2083 | D:2      | Found a blossoming altar of Fedhas.
  2509 | D:3      | Reached XP level 4. HP: 23/23 MP: 8/8
  2537 | D:3      | Reached skill level 5 in Throwing
  2682 | D:3      | Noticed Jessica
  3003 | D:3      | Killed Jessica
  3260 | D:3      | Reached skill level 5 in Dodging
  3521 | D:3      | Reached XP level 5. HP: 20/28 MP: 10/10
  3827 | D:4      | Slain by a wight

Action                   |  1- 3 |  4- 6 || total
-------------------------+-------+-------++-------
Melee: Short sword       |     9 |       ||     9
       Dagger            |    23 |    85 ||   108
Throw: Tomahawk          |   112 |    51 ||   163
       Stone             |     7 |    36 ||    43
  Use: Scroll            |     4 |     5 ||     9
       Potion            |     3 |     1 ||     4

Vault maps used:
D:1:      nicolae_arrival_somewhat_less_tricky_arrival, serial_bayou_pond_e,
          serial_bayou_pond_d, minmay_cut_off
D:2:      fedhas_altar_fruit_tree, lemuel_crystal_altar, first_bread,
          serial_corexii_hall, corexii_hall_statues_deadend,
          corexii_hall_statues_u, kennysheep_flooded_box
D:3:      minmay_cupped, uniq_jessica
D:4:      ashenzari_altar_1, grunt_temple_overflow_open
